 Dungeon Crawl Stone Soup version 0.28.0-53-g5a82cb258f (webtiles) character file.

Game seed: 4576771436483574420

387 issech the Chopper (level 6, -5/53 HPs)
             Began as a Minotaur Monk on June 9, 2022.
             Succumbed to a water moccasin's poison
             ... on level 4 of the Dungeon.
             The game lasted 00:13:02 (4345 turns).

issech the Chopper (Minotaur Monk)                  Turns: 4345, Time: 00:13:04

Health: -5/53      AC:  8    Str: 16    XL:     6   Next: 49%
Magic:  5/5        EV: 11    Int:  7    God:
Gold:   193        SH:  0    Dex: 14    Spells: 5/5 levels left

rFire   . . .      SeeInvis .   r - +1 dagger (drain)
rCold   . . .      Faith    .   (no shield)
rNeg    . . .      Spirit   .   o - +0 scale mail
rPois   .          Reflect  .   (helmet restricted)
rElec   .          Harm     .   (no cloak)
rCorr   .          Rampage  .   v - +0 pair of gloves
Will    .....                   g - +0 pair of boots
Stlth   +.........              (no amulet)
HPRegen 0.17/turn               (no ring)
MPRegen 0.09/turn               (no ring)

@: lethally poisoned (-5 -> -22)
A: horns 2, retaliatory headbutt
a: no special abilities


You were on level 4 of the Dungeon.
You visited 1 branch of the dungeon, and saw 5 of its levels.

You collected 193 gold pieces.

Inventory:

Hand Weapons
 a - a +0 hand axe
 r - a +1 dagger of draining (weapon)
 y - a +0 hunting sling
Missiles
 c - 40 arrows
 h - 8 poisoned darts
 j - 96 stones
 k - 5 boomerangs of dispersal
 s - 6 silver javelins (quivered)
 u - a boomerang
Armour
 g - a +0 pair of boots (worn)
 o - a +0 scale mail (worn)
 v - a +0 pair of gloves (worn)
Magical Staves
 n - a staff of earth
Scrolls
 d - 4 scrolls of teleportation {unknown}
 f - a scroll of enchant weapon {unknown}
 i - 5 scrolls of magic mapping {unknown}
 p - 2 scrolls of identify {unknown}
 q - a scroll of enchant armour {unknown}
 x - a scroll of vulnerability {unknown}
Potions
 b - 2 potions of brilliance {unknown}
 e - a potion of might {unknown}
 l - a potion of curing {unknown}
 m - a potion of attraction {unknown}
 t - a potion of invisibility {unknown}
 w - a potion of flight {unknown}


   Skills:
 + Level 4.7 Fighting
 + Level 0.7 Short Blades
 + Level 5.9 Axes
 + Level 0.4 Throwing
 + Level 2.6 Armour
 + Level 4.8 Dodging
 + Level 2.4 Stealth


You had 5 spell levels left.
You didn't know any spells.
Your spell library contained the following spells:

 Spells                   Type           Power      Damage    Failure   Level
 Beastly Appendage        Tmut           0%         N/A       86%         1
 Foxfire                  Conj/Fire      0%         2x1d4     86%         1
 Wereblood                Tmut           0%         N/A       94%         2
 Conjure Flame            Conj/Fire      0%         6-21      99%         3
 Inner Flame              Hex/Fire       0%         N/A       99%         3
 Spider Form              Tmut/Pois      0%         N/A       99%         3
 Flame Wave               Conj/Fire      0%         2d4       100%        4


Dungeon Overview and Level Annotations

Branches:
Dungeon (5/15)
 Temple: D:4-7

Altars:
Trog
Wu Jian

Shops:
D:3 !

Annotations:
D:2 1 runed translucent door, Crazy Yiuf


Innate Abilities, Weirdness & Mutations

You have a pair of horns on your head.
You reflexively headbutt those who attack you in melee.


Message History

You hit the white imp.
You kill the white imp!
Found a stone staircase leading down.
Found 11 gold pieces.
Found 3 poisoned darts.
j - 96 stones (gained 30)
There is an escape hatch in the ceiling here.
You now have 182 gold pieces (gained 11).
There is an escape hatch in the ceiling here.
A mysterious force pulls you upwards. The hatch slams shut behind you.
There is a stone staircase leading down here.
You climb downwards.
There is a stone staircase leading up here.
You now have 193 gold pieces (gained 11).
There is a stone staircase leading up here.
h - 8 poisoned darts (gained 3)
Found a bubbling ruby potion.
A water moccasin comes into view.
The water moccasin hisses angrily.
You hear a shout!
A centaur comes into view.
The centaur wields a +0 shortbow.
The centaur shoots an arrow.
The arrow barely misses you. The water moccasin bites you.
The water moccasin bites you.
The centaur shoots an arrow.
The arrow misses you. The water moccasin misses you. You furiously retaliate!
You headbutt the water moccasin.
The centaur shoots an arrow.
The arrow hits you!
The centaur shoots an arrow.
The arrow hits you!
The water moccasin bites you but does no damage.
The centaur shoots an arrow.
The arrow hits you!
* * * LOW HITPOINT WARNING * * *
There is a stone staircase leading up, spattered with blood here.
The water moccasin bites you.
* * * LOW HITPOINT WARNING * * *
You are lethally poisoned!
The water moccasin poisons you!
The centaur shoots an arrow.
The arrow barely misses you.
You climb upwards.
You die...

#.###.#### ##........##
####.##.....##############.....
#....##.###>.....>.#######...##
##.##..#...##...................
##........#.###......#######...##
...#####.....##......# #...#
####...#####.######### #...#
....._.^...'.###############...##
####...#####...S@................
...#####......###################
##............# ###......#####
########


You could see a water moccasin.

Vanquished Creatures
  A scorpion (D:3)
  A centaur zombie (D:3)
  An orc priest (D:3)
  Jessica (D:2)
  An iguana (D:4)
  2 orc wizards (D:4)
  A hound zombie (D:5)
  5 adders
  A shadow imp (D:4)
  A white imp (D:5)
  2 worms
  A dart slug (D:3)
  9 orcs
  5 ball pythons
  3 bats
  9 endoplasms
  3 giant cockroaches (D:1)
  6 hobgoblins
  3 jackals (D:1)
  2 quokkas
  A frilled lizard (D:2)
  8 goblins
  10 kobolds
  8 rats
85 creatures vanquished.

Vanquished Creatures (others)
  3 plants (D:1)
3 creatures vanquished.

Grand Total: 88 creatures vanquished

Notes
Turn   | Place    | Note
-------+----------+-------------------------------------------
     0 | D:1      | issech the Minotaur Monk began the quest for the Orb.
     0 | D:1      | Reached XP level 1. HP: 19/19 MP: 0/0
    25 | D:1      | Reached XP level 2. HP: 12/27 MP: 1/1
   522 | D:1      | Reached skill level 4 in Axes
   747 | D:1      | Reached XP level 3. HP: 33/33 MP: 2/2
   910 | D:1      | Found a faded altar of an unknown god.
  1270 | D:2      | Noticed Jessica
  1275 | D:2      | Killed Jessica
  1319 | D:2      | Reached XP level 4. HP: 37/40 MP: 3/3
  1912 | D:2      | Found a runed translucent door.
  1913 | D:2      | Noticed Crazy Yiuf
  2321 | D:3      | Found Etotwice's Distillery.
  2368 | D:3      | Reached skill level 5 in Axes
  2504 | D:3      | Reached XP level 5. HP: 39/47 MP: 4/4
  2647 | D:3      | Reached skill level 1 in Armour
  2934 | D:3      | Found an ornate altar of the Wu Jian Council.
  3239 | D:4      | Reached XP level 6. HP: 36/53 MP: 5/5
  3507 | D:4      | Found a bloodstained altar of Trog.
  3846 | D:5      | Entered Level 5 of the Dungeon
  4332 | D:5      | Noticed a water moccasin
  4344 | D:5      | HP: 1/53 [water moccasin (2)]
  4345 | D:4      | Succumbed to a water moccasin's poison

Illustrated notes

Levels and vault maps discovered:
D:1:      dpeg_arrival_stonehenge_8_columns, layout_rooms, serial_forest,
          infiniplex_forest_lined_2, infiniplex_forest_clump_double,
          infiniplex_forest_clump_medium, infiniplex_forest_end_3,
          infiniplex_forest_end_1, infiniplex_forest_clump_large,
          infiniplex_forest_zigzag_1, shapermc_ecumenical_altar_mp_vishouse
D:2:      layout_rooms, uniq_crazy_yiuf_cottage, uniq_jessica
D:3:      layout_basic, nicolae_wu_jian_immortal_techniques, serial_shops, shop,
          kennysheep_cluttered_room, minmay_checkerbox
D:4:      layout_rooms, mainiacjoe_overflow_surrounded_room,
          minmay_crystal_room, chequers_serial_rivers_small_b, solitary_fountain
D:5:      layout_rooms, marbit_many_paths, amethyst_killhole

Skill      XL: |  1  2  3  4  5  6 |
---------------+-------------------+-----
Axes           | 4 5 |  5.9
Fighting       | 4 |  4.7
Dodging        | 4 |  4.8
Stealth        | 2 |  2.4
Armour         | 1 2 |  2.6
Short Blades   | |  0.7
Throwing       | |  0.4

Action                   |  1- 3 |  4- 6 || total
-------------------------+-------+-------++-------
Melee: Hand axe          |    90 |    50 ||   140
       Punch             |     2 |     3 ||     5
       Headbutt          |    15 |    28 ||    43
       Dagger            |       |   106 ||   106
Throw: Javelin           |       |     3 ||     3
 Stab: Sleeping          |       |     1 ||     1
Armor: Robe              |    24 |     2 ||    26
       Scale mail        |       |    59 ||    59
Dodge: Dodged            |    70 |    92 ||   162
